 Dungeon Crawl Stone Soup version 0.30-a0-912-ge10d75a369 (webtiles) character file.

Game seed: 17025105778976030622

920 YaraY the Covered (level 8, -4/69 HPs)
             Began as a Hill Orc Fighter on Mar 19, 2023.
             Was a Believer of Kikubaaqudgha.
             Killed by divine providence
             ... invoked by an orc priest
              (10 damage)
             ... on level 4 of the Dungeon.
             The game lasted 00:34:48 (2814 turns).

YaraY the Covered (Hill Orc Fighter)                Turns: 2814, Time: 00:34:49

Health: -4/69      AC:  8    Str: 21    XL:     8   Next: 10%
Magic:  8/8        EV: 10    Int:  8    God:    Kikubaaqudgha [**....]
Gold:   219        SH:  0    Dex: 10    Spells: 7/7 levels left

rFire   . . .      SeeInvis .    t - +2 whip (distort)
rCold   . . .      Faith    .    (no shield)
rNeg    . . .      Spirit   .    b - +0 scale mail
rPois   .          Reflect  .    M - +0 helmet
rElec   .          Rampage  .    (no cloak)
rCorr   .                        (no gloves)
Will    .....                    (no boots) Stlth
                                 (no amulet)
HPRegen 0.31/turn                (no ring)
MPRegen 0.11/turn                (no ring)

@: confused
A: no striking features
a: Renounce Religion, Convert to Beogh, Unearth Wretches


You were on level 4 of the Dungeon.
You worshipped Kikubaaqudgha.
Kikubaaqudgha was pleased with you.
You visited 1 branch of the dungeon, and saw 4 of its levels.

You collected 219 gold pieces.

Inventory:

Hand Weapons
 a - a +0 trident
 g - a +0 spear
 o - a +0 whip of electrocution
 t - a +2 whip of distortion (weapon)
 w - a +2 whip of electrocution
 D - a +0 dagger of venom
 P - a +0 flail
 Q - a +3 scythe of venom
 V - a +0 hand axe
Missiles
 h - 2 poisoned darts
 i - 21 stones (quivered)
 S - 6 silver javelins
Armour
 b - a +0 scale mail (worn)
 c - a +0 buckler
 m - a +1 hat
 p - a +0 robe
 q - a +0 leather armour
 y - a +0 ring mail
 M - a +0 helmet (worn)
 N - a +0 animal skin
 R - a +0 ring mail
 Y - a +0 robe
Wands
 F - a wand of flame (9)
Scrolls
 e - a scroll of magic mapping {unknown}
 k - a scroll of noise {unknown}
 l - a scroll of teleportation {unknown}
 r - 2 scrolls of fear {unknown}
 s - a scroll of enchant armour {unknown}
 v - 4 scrolls of identify {unknown}
 U - 2 scrolls of poison {unknown}
 W - a scroll of enchant weapon {unknown}
Potions
 d - 2 potions of might
 f - a potion of lignification {unknown}
 j - 3 potions of curing {unknown}
 n - a potion of degeneration {unknown}
 u - a potion of magic {unknown}
 x - a potion of attraction {unknown}
 z - 3 potions of heal wounds {unknown}
 T - 3 potions of brilliance {unknown}
 X - a potion of cancellation {unknown}


   Skills:
 + Level 5.4 Fighting
 + Level 4.7(6.1) Axes
 + Level 5.1(5.7) Maces & Flails
 + Level 6.2 Armour
 + Level 1.3 Dodging
 + Level 0.4 Stealth
 + Level 4.5 Shields


You had 7 spell levels left.
You didn't know any spells.
Your spell library contained the following spells:

 Spells                   Type           Power      Damage    Failure   Level
 Necrotise                Necr           0%         1d4       73%         1
 Sublimation of Blood     Necr           0%         N/A       86%         2
 Wereblood                Tmut           0%         N/A       86%         2
 Vampiric Draining        Necr           0%         2d6       97%         3
 Animate Dead             Necr           0%         N/A       100%        4
 Summon Forest            Summ/Tloc      0%         N/A       100%        5
 Summon Mana Viper        Hex/Summ       0%         N/A       100%        5
 Summon Cactus Giant      Summ           0%         N/A       100%        6
 Summon Hydra             Summ           0%         N/A       100%        7


Dungeon Overview and Level Annotations

Branches:
Dungeon (4/15)
 Temple: D:4-7

Altars:
Fedhas
Gozag
Kikubaaqudgha
Xom

Annotations:
D:4 Edmund


Message History

An orc wizard comes into view. It is wielding a +0 dagger.
An orc comes into view. It is wielding a +0 club.
The orc priest shouts, "Beogh is our master!
Accept the truth or die!"
The orc wizard shouts!
The orc shouts!
You hit the scorpion.
Space warps horribly around the scorpion!
The scorpion is almost dead.
The orc priest mumbles some strange prayers to Beogh against you.
Beogh smites you!
* * * LOW HITPOINT WARNING * * *
The scorpion stings you but does no damage.
You closely miss the scorpion.
The scorpion is almost dead.
Edmund the Younger comes into view.
He is wielding a +2 flail of protection and wearing a +2 ring mail of fire resistance.
The orc priest looks encouraged for a moment.
The scorpion misses you.
You hit the scorpion.
You kill the scorpion!
Kikubaaqudgha accepts your kill.
The orc wizard casts a spell.
The orc wizard flickers and vanishes!
Deactivating autopickup; reactivate with Ctrl-A.
Your Maces & Flails skill increases to level 5!
Unknown command.
You are confused.
Edmund drinks a potion.
Edmund seems to speed up.
Okay, then.
The orc priest barely misses you.
You hit the orc priest.
Space warps around the orc priest.
The orc priest is severely wounded.
The orc priest shouts, "Surrender to Beogh and we'll let you live!"
The orc priest misses you.
You hit the orc priest.
The orc priest is almost dead.
The orc priest shouts, "Join the one true god or die!"
You're too confused to move!
The orc priest mumbles some strange prayers to Beogh against you.
Beogh smites you!
You die...
Kikubaaqudgha rasps: "You have failed me!
Welcome... death!"

####..####### .#
##.....†.########.##.
#######...#.........
###...........
#...........
#...........
#)..........
##.†o.......
##.@o@......
#....$......
#...!.......
#.......####
##.....## ##...##
#####


You could see Edmund (fast), an orc priest and an orc.

Vanquished Creatures
  Pikel (D:4)
  Sigmund (D:3)
  2 lemures (D:4)
  A centaur (D:4)
  A scorpion (D:4)
  A hound (D:4)
  Robin (D:2)
  7 adders
  3 worms
  3 dart slugs (D:2)
  2 orcs
  12 ball pythons
  7 endoplasms
  A giant cockroach (D:2)
  11 goblins
  7 hobgoblins
  5 jackals (D:1)
  5 quokkas
  2 bats (D:1)
  A frilled lizard (D:1)
  6 kobolds
  7 rats
  4 bushes (D:3)
91 creatures vanquished.

Vanquished Creatures (others)
  4 plants (D:3)
4 creatures vanquished.

Grand Total: 95 creatures vanquished

Notes
Turn   | Place    | Note
-------+----------+-------------------------------------------
     0 | D:1      | YaraY the Hill Orc Fighter began the quest for the Orb.
     0 | D:1      | Reached XP level 1. HP: 19/19 MP: 1/1
   161 | D:1      | Reached XP level 2. HP: 27/27 MP: 2/2
   199 | D:1      | Found a faded altar of an unknown god.
   361 | D:1      | Reached XP level 3. HP: 28/33 MP: 3/3
   517 | D:1      | Prayed at the altar of an unknown god.
   517 | D:1      | Became a worshipper of Kikubaaqudgha
   517 | D:1      | Reached * piety under Kikubaaqudgha
   517 | D:1      | Received a gift from Kikubaaqudgha
   879 | D:2      | Reached XP level 4. HP: 36/40 MP: 4/4
   951 | D:2      | Reached ** piety under Kikubaaqudgha
  1172 | D:2      | Noticed Robin
  1196 | D:2      | Killed Robin
  1197 | D:2      | Reached XP level 5. HP: 31/47 MP: 5/5
  1207 | D:2      | Reached skill level 1 in Maces & Flails
  1508 | D:3      | Noticed Sigmund
  1534 | D:3      | Killed Sigmund
  1535 | D:3      | Reached skill level 4 in Armour
  1535 | D:3      | Reached XP level 6. HP: 24/53 MP: 6/6
  2264 | D:3      | Found an opulent altar of Gozag.
  2264 | D:3      | Found a shimmering altar of Xom.
  2265 | D:3      | Found a blossoming altar of Fedhas.
  2265 | D:3      | Found an ancient bone altar of Kikubaaqudgha.
  2683 | D:4      | Noticed Pikel
  2701 | D:4      | Killed Pikel
  2702 | D:4      | Reached skill level 5 in Fighting
  2702 | D:4      | Reached skill level 6 in Armour
  2702 | D:4      | Reached skill level 1 in Dodging
  2702 | D:4      | Reached XP level 7. HP: 7/61 MP: 7/7
  2702 | D:4      | Reached XP level 8. HP: 8/68 MP: 8/8
  2808 | D:4      | Noticed Edmund
  2810 | D:4      | Reached skill level 5 in Maces & Flails
  2814 | D:4      | Killed from afar by an orc priest

Illustrated notes

Levels and vault maps discovered:
D:1:      amcnicky_arrival_double_pillar, layout_loops_cross,
          ebering_ecumenical_altar_hall, corexii_leaking_fountain
D:2:      layout_basic, minmay_pentomino_r4, uniq_robin
D:3:      layout_loops_ring, chequers_temple_overflow_statue_of_worship,
          serial_forest, infiniplex_forest_straight_2, infiniplex_forest_end_2,
          infiniplex_forest_end_2, infiniplex_forest_zigzag_1,
          infiniplex_forest_lined_room_2, infiniplex_forest_end_double,
          infiniplex_forest_lined_2, minmay_strange_pillars,
          dreamdust_princess_corridor, kennysheep_generic_room_11, uniq_sigmund
D:4:      layout_rooms, minmay_quantized, uniq_edmund, uniq_ijyb, uniq_pikel

Skill      XL: |  1  2  3  4  5  6  7  8 |
---------------+-------------------------+-----
Axes           | 3 4 |  4.7
Fighting       | 4 5 |  5.4
Shields        | 4 |  4.5
Maces & Flails | 2 4 5 |  5.1
Armour         | 4 6 |  6.2
Dodging        | 1 |  1.3
Stealth        | |  0.4

Action                     |  1- 3 |  4- 6 |  7- 9 || total
---------------------------+-------+-------+-------++-------
  Melee: War axe           |    95 |       |       ||    95
         Whip              |     5 |   212 |    17 ||   234
 Armour: Scale mail        |    57 |    52 |     6 ||   115
  Dodge: Dodged            |    39 |    49 |     5 ||    93
  Block: Buckler           |    22 |    13 |       ||    35

Table legend: (Time is in decaauts)
 A = Elapsed time spent in this place.
 B = Non-inter-level travel time spent in this place.
 C = Inter-level travel time spent in this place.
 D = Time resting spent in this place.
 E = Time spent auto-exploring this place.
 F = Levels seen in this place.
 G = Mean time per level.
                   A        B        C        D        E       F      G
               +--------+--------+--------+--------+--------+-----+--------+
         Total |   2838 |    795 |   2043 |      0 |      0 |   4 |  709.5 |
       Dungeon |   2838 |    795 |   2043 |      0 |      0 |   4 |  709.5 |
               +--------+--------+--------+--------+--------+-----+--------+

Top non-repeatable levels by time:
     D:3: 1005 daAuts
     D:2: 760 daAuts
     D:1: 759 daAuts
     D:4: 312 daAuts
